 Dungeon Crawl Stone Soup version 0.32-a0-470-g255bbe2 (webtiles) character file.

Game seed: 15777224367312427629

14380 Dorkslayer the Carver (level 12, -2/89 HPs)
             Began as a Coglin Gladiator on Feb 24, 2024.
             Was an Initiate of Gozag.
             Shot with a bolt by a kobold blastminer (23 damage)
             ... on level 1 of the Orcish Mines on Feb 25, 2024.
             The game lasted 00:38:00 (9354 turns).

Dorkslayer the Carver (Coglin Gladiator)            Turns: 9354, Time: 00:38:01

Health: -2/89      AC: 18    Str: 14    XL:     12   Next: 15%
Magic:  12/12      EV:  7    Int: 13    God:    Gozag
Gold:   1852       SH:  5    Dex: 20    Spells: 11/11 levels left

rFire   . . .        a - +0 long sword (heavy) {Bianca}
rCold   . . .        t - +0 long sword (protect) {Soledad}
rNeg    . . .        q - +2 plate armour
rPois   .            r - +0 helmet of Ucisom {Int+4 Slay+3}
rElec   .            (no cloak)
rCorr   .            (no gloves)
SInv    .            (no boots)
Will    .....        C - amulet of reflection Stlth
                     (ring unavailable)
HPRegen 0.34/turn    (ring unavailable)
MPRegen 0.13/turn

%: reflection
@: no status effects
A: off-hand wielding, slow wielding, warmup strikes, no rings, iridescent scales
1
a: Renounce Religion, Potion Petition, Call Merchant, Bribe Branch


You were on level 1 of the Orcish Mines.
You worshipped Gozag.
Gozag was most pleased with you.
You visited 3 branches of the dungeon, and saw 12 of its levels.
You also visited: Sewer.

You collected 2089 gold pieces.
You spent 110 gold pieces at shops.
You paid 127 gold pieces to Gozag.

Inventory:

Hand Weapons
 a - a +0 heavy long sword (weapon) {Bianca}
 t - a +0 long sword of protection (offhand) {Soledad}
 u - the +5 quarterstaff of Gugouk {elec, rElec rF+ SInv}
   (You found it on level 3 of the Dungeon)

   rF+:       It protects you from fire.
   rElec:     It insulates you from electricity.
   SInv:      It lets you see invisible.
Missiles
 d - 3 throwing nets
 e - 10 javelins (quivered)
 n - 13 boomerangs
Armour
 b - the +1 tower shield of Fuhoset {rPois MP+9 Slay+3 Stlth-}
   (You found it on level 4 of the Dungeon)

   Slay+3:    It affects your accuracy & damage with ranged weapons and melee
   (+3).
   rPois:     It protects you from poison MP+9: It affects your magic capacity
   (+9).
   Stlth-:    It makes you less stealthy.
 q - a +2 plate armour (worn)
 r - the +0 helmet of Ucisom (worn) {Int+4 Slay+3}
   (You found it on level 7 of the Dungeon)

   Int+4:     It affects your intelligence (+4).
   Slay+3:    It affects your accuracy & damage with ranged weapons and melee
   (+3).
Jewellery
 c - the amulet of Ellovypt {Faith Rampage rElec rPois}
   (You found it on level 8 of the Dungeon)

   [amulet of faith]

   Faith:     It allows you to gain divine favour quickly.
   rElec:     It insulates you from electricity.
   rPois:     It protects you from poison Rampage: It bestows one free step when
   moving towards enemies.
 C - an amulet of reflection (around neck)
Wands
 f - a wand of acid (9)
 h - a wand of flame (20)
 o - a wand of mindburst (15)
 x - a wand of digging (9)
 D - a wand of paralysis (2)
Scrolls
 j - 5 scrolls of identify
 p - 4 scrolls of teleportation
 v - a scroll of immolation
 y - 2 scrolls of blinking
 z - 2 scrolls of poison
 A - 5 scrolls of fear
 B - 6 scrolls of enchant armour
Potions
 i - 4 potions of magic
 k - 2 potions of berserk rage
 l - 4 potions of brilliance
 m - 3 potions of heal wounds
 s - a potion of curing
 E - a potion of might
Miscellaneous
 g - a lightning rod (inert)


   Skills:
 + Level 6.5 Fighting
 * Level 14.1 Long Blades
 - Level 0.2 Maces & Flails
 + Level 2.8 Throwing
 + Level 6.1 Armour
 * Level 6.6 Dodging
 + Level 2.7 Stealth
 + Level 1.2 Shields
 * Level 7.4 Evocations


You had 11 spell levels left.
You didn't know any spells.
Your spell library contained the following spells:

 Spells                   Type           Power      Damage    Failure   Level
 Apportation              Tloc           0%         N/A       100%        1
 Magic Dart               Conj           0%         1d3       100%        1
 Necrotise                Necr           0%         1d4       100%        1
 Sting                    Conj/Alch      0%         1d3       100%        1
 Summon Small Mammal      Summ           0%         N/A       100%        1
 Blink                    Tloc           0%         N/A       100%        2
 Call Imp                 Summ           0%         N/A       100%        2
 Ensorcelled Hibernation  Hex/Ice        0%         N/A       100%        2
 Lesser Beckoning         Tloc           0%         N/A       100%        2
 Sublimation of Blood     Necr           0%         N/A       100%        2
 Call Canine Familiar     Summ           0%         N/A       100%        3
 Dazzling Flash           Conj/Hex       0%         N/A       100%        3
 Fugue of the Fallen      Necr           0%         N/A       100%        3
 Gell's Gravitas          Tloc           0%         N/A       100%        3
 Inner Flame              Hex/Fire       0%         N/A       100%        3
 Passwall                 Erth           0%         N/A       100%        3
 Stone Arrow              Conj/Erth      0%         3d7       100%        3
 Swiftness                Air            0%         N/A       100%        3
 Teleport Other           Tloc           0%         N/A       100%        3
 Volatile Blastmotes      Fire/Tloc      0%         2d10      100%        3
 Anguish                  Hex/Necr       0%         N/A       100%        4
 Animate Armour           Summ/Erth      0%         N/A       100%        4
 Flame Wave               Conj/Fire      0%         2d4       100%        4
 Petrify                  Alch/Erth      0%         N/A       100%        4
 Sticky Flame             Fire/Alch      0%         2d4       100%        4
 Summon Blazeheart Golem  Fire/Summ      0%         N/A       100%        4
 Irradiate                Conj/Alch      0%         3d11      100%        5
 Starburst                Conj/Fire      0%         6d3       100%        6
 Lehudib's Crystal Spear  Conj/Erth      0%         10d2      100%        8
 Maxwell's Capacitive Co  Air            0%         ∞         100%        8


Dungeon Overview and Level Annotations

Branches:
Dungeon (10/15)            Temple (1/1) D:7            Lair (0/5) D:9
    Orc (1/2) D:10          Sewer (visited)

Altars:
Ashenzari
Cheibriados
Dithmenos
Elyvilon
Fedhas
Gozag
Hepliaklqana
Kikubaaqudgha
Makhleb
Nemelex Xobeh
Okawaru
Qazlal
Ru
Sif Muna
Trog
Uskayaw
Vehumet
Wu Jian
Xom
Yredelemnul
Zin
The Shining One
Beogh

Shops:
D:4 *


Innate Abilities, Weirdness & Mutations

You can wield a second weapon in your off-hand.
It takes a long time for you to wield or remove held weapons.
Your first few attacks do less damage.
Your grasper-arms cannot wear rings.
You are partially covered in iridescent scales. (AC +2)


Message History

The orc is distracted by your dazzling golden aura.
The kobold blastminer is distracted by your dazzling golden aura.
The kobold blastminer is no longer distracted by gold.
The kobold blastminer is distracted by your dazzling golden aura.
Things that are here:
8 gold pieces; a +0 dagger; a +0 leather armour The ogre is no longer distracted by gold.
The ogre is distracted by your dazzling golden aura.
There is a staircase back to the Dungeon here.
The kobold blastminer is no longer distracted by gold. x2
You climb upwards.
Welcome back to the Dungeon!
There is a staircase to the Orcish Mines here.
You start resting.
HP restored.
You climb downwards.
Welcome back to the Orcish Mines!
You feel an oppressive heat about you.
There is an entrance to a volcano on this level.
Hurry and find it before the entrance collapses!
You hear the slow rumble of a distant avalanche of rocks.
The orc shouts!
You hear a shout!
The orc shouts!
The orc priest calls down the wrath of Beogh upon you.
Beogh smites you!
The kobold blastminer shoots an arrow.
The arrow hits you.
The kobold blastminer shoots a bolt.
The bolt hits you!
An ogre comes into view. It is wielding a +0 giant spiked club.
There is a staircase back to the Dungeon here.
An orc warrior comes into view. It is wielding a +0 hand axe.
The orc warrior shouts!
The orc priest invokes the aid of Beogh against you.
Pain shoots through your body!
The kobold blastminer shoots an arrow.
The arrow hits you but does no damage.
The kobold blastminer blasts its cannon at you.
The iron shot hits you!!
* * * LOW HITPOINT WARNING * * *
The kobold blastminer is knocked back by the blast.
Things that are here:
7 gold pieces; a +0 robe; a +0 dagger The kobold blastminer shoots an arrow.
The arrow hits you but does no damage.
There is a staircase back to the Dungeon here.
The kobold blastminer shoots a bolt.
The bolt hits you!!
You die...
Your body crumbles into a pile of gold.

**,,,*,,,,,,,,,,,,**
##...#.$#...$..,,,,**
#...............,,*,**
##.#.#..#....#..,,,,,*
#####..........^,,,,,**
####............,,,,,,*
#####....>......,,,,,***
*
####...$$.K.....,,,,,***
**
###...$@$....K..,,,,,**,
,*
####..$$^.......,,,,****
**
####...o#.......,,,*****
*
#####..$$ooO....,,*,*,*,
#######.........,,,,,,,,
######$$.$$.Oo..,**,,,,,
######.$.$.#....,,,**,,,
#####..$...#....,,,,*,,,
##..#....,.,,,,,,,,,


You could see 2 kobold blastminers, an orc warrior, 2 ogres, an orc priest and 2
orcs.

Vanquished Creatures
  Snorg (D:10)
  A centaur warrior (D:8)
  2 two-headed ogres
  2 boulder beetles (D:8)
  An orc knight (Orc:1)
  A manticore (D:8)
  A cyclops (D:8)
  A meliai (D:8)
  2 gargoyles (D:8)
  An unseen horror (D:10)
  Maggie (D:10)
  2 trolls
  A hornet (D:7)
  Grinder (D:6)
  Prince Ribbit (D:5)
  2 wraiths
  7 yaks
  A steam dragon (D:8)
  2 water moccasins
  An acid dragon (D:9)
  An ice beast (D:7)
  14 orc warriors
  A sky beast (D:6)
  3 ogres
  4 black bears
  4 centaurs
  3 phantoms
  A kobold brigand (D:7)
  2 weeping skulls (D:7)
  5 bullfrogs
  2 gnoll sergeants
  4 scorpions
  3 wights (D:7)
  An electric eel (D:8)
  2 howler monkeys
  5 jellies
  9 orc priests
  A bullfrog zombie (D:7)
  4 hounds
  A human zombie (D:7)
  A bombardier beetle (D:5)
  A sleepcap (D:6)
  2 gnoll boudas
  A hell rat (Sewer)
  3 iguanas
  15 orc wizards
  A killer bee zombie (D:7)
  3 mummies (D:7)
  A howler monkey zombie (D:7)
  7 adders
  16 gnolls
  2 river rats (Sewer)
  2 shadow imps
  2 white imps
  2 ribbon worms
  2 dart slugs
  53 orcs
  6 ball pythons
  6 endoplasms
  6 giant cockroaches
  5 goblins
  8 hobgoblins
  4 jackals (D:1)
  11 kobolds
  5 quokkas
  4 bats
  6 frilled lizards
  11 rats
  A spectral kobold (D:6)
289 creatures vanquished.

Vanquished Creatures (others)
  An orc wizard (D:9)
1 creature vanquished.

Grand Total: 290 creatures vanquished

Notes
Turn   | Place    | Note
-------+----------+-------------------------------------------
     0 | D:1      | Dorkslayer the Coglin Gladiator began the quest for the
                  | Orb.
     0 | D:1      | Reached XP level 1. HP: 16/16 MP: 1/1
    48 | D:1      | Reached XP level 2. HP: 18/22 MP: 2/2
   603 | D:1      | Found a faded altar of an unknown god.
   778 | D:2      | Reached XP level 3. HP: 19/28 MP: 3/3
  1558 | D:3      | Reached skill level 1 in Armour
  1582 | D:3      | Identified the +5 quarterstaff of Gugouk {elec, rElec rF+
                  | SInv}
  1589 | D:3      | Reached XP level 4. HP: 34/34 MP: 4/4
  1736 | D:4      | Identified the +1 tower shield of Fuhoset {rPois MP+9
                  | Slay+3 Stlth-}
  1779 | D:4      | Reached skill level 4 in Long Blades
  1785 | D:4      | Reached XP level 5. HP: 34/39 MP: 5/5
  1789 | D:4      | Found a shadowy altar of Dithmenos.
  1860 | D:4      | Found Tecvump's Assorted Antiques.
  1943 | D:4      | Reached skill level 5 in Long Blades
  2003 | D:4      | Bought a scroll labelled UHAROBBAOCE for 22 gold pieces
  2003 | D:4      | Bought a scroll of identify for 44 gold pieces
  2003 | D:4      | Bought a scroll of identify for 44 gold pieces
  2120 | D:4      | Found a sacrificial altar of Ru.
  2214 | D:5      | Entered Level 5 of the Dungeon
  2242 | D:5      | Found a glowing drain.
  2256 | Sewer    | Entered a sewer
  2261 | Sewer    | Reached XP level 6. HP: 46/46 MP: 6/6
  2400 | D:5      | Gained mutation: You are weak. (Str -2) [potion of
                  | mutation]
  2400 | D:5      | Gained mutation: You expend magic power (3 MP) to
                  | strengthen your wands. [potion of mutation]
  2400 | D:5      | Gained mutation: Your flesh is cold resistant. (rC+)
                  | [potion of mutation]
  2414 | D:5      | Reached skill level 6 in Long Blades
  2424 | D:5      | Reached XP level 7. HP: 30/51 MP: 7/7
  2444 | D:5      | Reached skill level 7 in Long Blades
  2494 | D:5      | Noticed Prince Ribbit
  2520 | D:5      | Killed Prince Ribbit
  2521 | D:5      | Reached skill level 8 in Long Blades
  2521 | D:5      | Reached XP level 8. HP: 34/58 MP: 8/8
  3027 | D:6      | Reached skill level 1 in Evocations
  3085 | D:6      | Upgraded the game from 0.32-a0-468-g38b2580 to
                  | 0.32-a0-470-g255bbe2
  3163 | D:6      | Reached skill level 9 in Long Blades
  3362 | D:6      | Noticed Grinder
  3371 | D:6      | Killed Grinder
  3377 | D:6      | Reached XP level 9. HP: 58/65 MP: 9/9
  3384 | D:6      | Found a glowing silver altar of Zin.
  3419 | D:6      | Found a radiant altar of Vehumet.
  3510 | D:6      | Found a hazy altar of Hepliaklqana.
  3544 | D:6      | Found a bloodstained altar of Trog.
  3971 | D:7      | Found a staircase to the Ecumenical Temple.
  4026 | Temple   | Entered the Ecumenical Temple
  4049 | Temple   | Became a worshipper of Gozag Ym Sagoz the Greedy
  4166 | D:7      | Reached skill level 1 in Stealth
  4177 | D:7      | Reached skill level 10 in Long Blades
  4227 | D:7      | Found a basalt altar of Yredelemnul.
  4290 | D:7      | Found a transporter.
  4290 | D:7      | Found a transporter.
  4292 | D:7      | Found a roughly hewn altar of Beogh.
  4353 | D:7      | Lost mutation: Your flesh is cold resistant. (rC+) [potion
                  | of mutation]
  4353 | D:7      | Lost mutation: You expend magic power (3 MP) to strengthen
                  | your wands. [potion of mutation]
  4353 | D:7      | Lost mutation: You are weak. (Str -2) [potion of mutation]
  4353 | D:7      | Gained mutation: You are partially covered in iridescent
                  | scales. (AC +2) [potion of mutation]
  4377 | D:7      | Noticed a hornet
  4382 | D:7      | Paralysed by a hornet for 2 turns
  4387 | D:7      | Paralysed by a hornet for 2 turns
  4390 | D:7      | Killed a hornet
  4393 | D:7      | HP: 3/66 [poisoned by a hornet]
  4597 | D:7      | Found an ancient bone altar of Kikubaaqudgha.
  4678 | D:7      | Noticed a two-headed ogre
  4955 | D:7      | Found a shimmering blue altar of Sif Muna.
  5086 | D:7      | Noticed a troll
  5197 | D:7      | Reached skill level 11 in Long Blades
  5197 | D:7      | Reached XP level 10. HP: 73/73 MP: 10/10
  5215 | D:7      | Killed a two-headed ogre
  5294 | D:7      | Identified the +0 helmet of Ucisom {Int+4 Slay+3}
  5337 | D:8      | Reached skill level 5 in Dodging
  5377 | D:8      | Reached skill level 5 in Armour
  5383 | D:8      | Reached skill level 5 in Evocations
  5393 | D:8      | Reached skill level 5 in Fighting
  5402 | D:8      | Reached skill level 12 in Long Blades
  5453 | D:8      | Noticed a gargoyle
  5623 | D:8      | Killed a gargoyle
  5999 | D:8      | Noticed a cyclops
  5999 | D:8      | Noticed a meliai
  5999 | D:8      | Noticed a boulder beetle
  6000 | D:8      | Noticed a centaur warrior
  6002 | D:8      | Killed a meliai
  6004 | D:8      | Killed a cyclops
  6004 | D:8      | Killed a centaur warrior
  6005 | D:8      | Reached XP level 11. HP: 54/80 MP: 11/11
  6005 | D:8      | Killed a boulder beetle
  6005 | D:8      | Noticed a two-headed ogre
  6006 | D:8      | Reached skill level 13 in Long Blades
  6007 | D:8      | Killed a two-headed ogre
  6008 | D:8      | Noticed a manticore
  6012 | D:8      | Killed a manticore
  6025 | D:8      | Identified the amulet of Ellovypt {Faith Rampage rElec
                  | rPois}
  6059 | D:8      | Noticed a boulder beetle
  6074 | D:8      | Killed a boulder beetle
  7463 | D:9      | Reached skill level 1 in Shields
  7541 | D:9      | Found a staircase to the Lair.
  8114 | D:10     | Entered Level 10 of the Dungeon
  8302 | D:10     | Noticed Maggie
  8307 | D:10     | Killed Maggie
  8366 | D:10     | Found a shadowy altar of Dithmenos.
  8437 | D:10     | Noticed Snorg
  8442 | D:10     | Killed Snorg
  8443 | D:10     | Reached skill level 14 in Long Blades
  8565 | D:10     | Reached XP level 12. HP: 74/88 MP: 12/12
  8599 | D:10     | Found a roughly hewn altar of Beogh.
  8599 | D:10     | Found a staircase to the Orcish Mines.
  9142 | Orc:1    | Entered Level 1 of the Orcish Mines
  9354 | Orc:1    | Shot with a bolt by a kobold blastminer

Illustrated notes

Levels and vault maps discovered:
D:1:      heliophobic_arrival_ceremonial_halls, layout_basic,
          basic_ecumenical_altar, chequers_serial_rivers_small_3,
          minmay_misc_feat_diagonals
D:2:      layout_basic, serial_rivers, chequers_serial_rivers_room_a,
          chequers_serial_rivers_small_3, chequers_serial_rivers_small_b,
          chequers_serial_rivers_micro_a
D:3:      layout_rooms
D:4:      layout_basic, nicolae_ru_path_of_blood, serial_shops, shop,
          minmay_misc_feat_pillars, minmay_ruined_shrine
D:5:      layout_rooms, gup_sewer_entry_pipe, uniq_prince_ribbit1
D:6:      layout_loops_corners, nicolae_hepliaklqana_monster_ancestors,
          zin_statuary, lightli_temple_of_fire, fiery_altar_vehumet,
          minmay_door_square, uniq_grinder
D:7:      gammafunk_beogh_shrine, layout_rooms,
          lemuel_mausoleum_altar_yredelemnul, kiku_gazebo_pond_becter,
          mainiacjoe_overflow_paths, minmay_temple_entry_offerings
D:8:      minmay_the_grid_plus_closed [minmay_the_grid_expand,
          minmay_the_grid_dragon_b, minmay_the_grid_paths,
          minmay_the_grid_outer_circle, minmay_the_grid_prize_four_corners],
          layout_layer_cave, serial_bayou_lagoon_a
D:9:      layout_loops_ring, due_lair_maze_entry_diamond, lemuel_flamethrower_2
D:10:     layout_basic, lemuel_coloured_pillars_altar, david_orc_5, uniq_maggie,
          uniq_snorg
Temple:   nicolae_temple_god_jail
Orc:1:    layout_caves, enter_volcano_1

Skill      XL: |  1  2  3  4  5  6  7  8  9 10 11 |
---------------+----------------------------------+-----
Dodging        | 3 4 5 6 |  6.6
Armour         | 1 2 3 4 5 6 |  6.1
Long Blades    | 4 5 6 8 9 11 12 14 | 14.1
Fighting       | 3 4 5 6 |  6.5
Evocations     | 2 4 6 7 |  7.4
Stealth        | 1 2 |  2.7
Throwing       | 2 |  2.8
Shields        | 1 |  1.2
Maces & Flails | |  0.2

Action                     |  1- 3 |  4- 6 |  7- 9 | 10-12 || total
---------------------------+-------+-------+-------+-------++-------
  Melee: Long sword        |   101 |   184 |   431 |   431 ||  1147
         Whip              |    46 |       |       |       ||    46
  Throw: Javelin           |       |       |       |    28 ||    28
  Evoke: Wand              |       |       |     3 |    13 ||    16
         Lightning rod     |       |       |       |    11 ||    11
    Use: Scroll            |       |    18 |     1 |     6 ||    25
         Potion            |       |     1 |    10 |     1 ||    12
   Stab: Sleeping          |     2 |       |       |       ||     2
         Paralysed         |       |       |     6 |     6 ||    12
         Distracted        |       |       |       |     3 ||     3
 Armour: Leather armour    |    59 |       |       |       ||    59
         Plate armour      |    28 |   111 |   219 |   228 ||   586
  Dodge: Dodged            |    84 |    19 |    36 |    51 ||   190
  Block: Other             |       |       |     9 |    32 ||    41
         Reflection        |       |       |     1 |     2 ||     3

Table legend: (Time is in decaauts)
 A = Elapsed time spent in this place.
 B = Non-inter-level travel time spent in this place.
 C = Inter-level travel time spent in this place.
 D = Time resting spent in this place.
 E = Time spent auto-exploring this place.
 F = Levels seen in this place.
 G = Mean time per level.
                   A        B        C        D        E       F      G
               +--------+--------+--------+--------+--------+-----+--------+
         Total |   9379 |   9296 |     83 |    622 |   4737 |  13 |  721.5 |
       Dungeon |   9205 |   9122 |     83 |    622 |   4722 |  10 |  920.5 |
        Temple |     42 |     42 |      0 |      0 |      0 |   1 |   42.0 |
  Orcish Mines |     29 |     29 |      0 |      0 |      0 |   1 |   29.0 |
         Sewer |    101 |    101 |      0 |      0 |     15 |   1 |  101.0 |
               +--------+--------+--------+--------+--------+-----+--------+

Top non-repeatable levels by time:
     D:8: 1882 daAuts
     D:7: 1450 daAuts
    D:10: 1203 daAuts
     D:6: 987 daAuts
     D:9: 735 daAuts
     D:1: 698 daAuts
     D:5: 690 daAuts
     D:2: 614 daAuts
     D:4: 531 daAuts
     D:3: 413 daAuts
   Sewer: 101 daAuts
  Temple: 42 daAuts
   Orc:1: 29 daAuts
